 Dungeon Crawl Stone Soup version 0.31-a0-182-gc5ef74bbde (webtiles) character file.

Game seed: 7118975677962523124

1141 qw the Chopper (level 8, -18/49 HPs)
             Began as a Gargoyle Fighter on June 20, 2023.
             Was an Initiate of Okawaru.
             Demolished by a two-headed ogre
             ... wielding a +0 giant club
              (26 damage)
             ... on level 6 of the Dungeon.
             The game lasted 00:02:07 (4776 turns).

qw the Chopper (Gargoyle Fighter)                   Turns: 4776, Time: 00:02:07

Health: -18/49     AC: 13    Str: 24 (26) XL:     8   Next: 37%
Magic:  8/8        EV:  7    Int:  9      God:    Okawaru [......]
Gold:   154        SH: 12    Dex:  7      Spells: 7/7 levels left

rFire   . . .        Y - +2 war axe
rCold   . . .        p - +0 tower shield
rNeg    + . .        b - +0 scale mail
rPois   inf          (helmet restricted)
rElec   +            (no cloak)
rCorr   .            e - +0 pair of gloves
SInv    .            (no boots)
Will    .....        h - amulet of regeneration Stlth
                     l - +6 ring of strength
HPRegen 1.08/turn    (no ring)
MPRegen 0.11/turn

%: no passive effects
@: about to teleport
A: sickness immunity, AC +5, negative energy resistance 1, electricity
resistance, torment resistance 1, petrification resistance, antennae 1, clumsy
1, deterioration 1, weak 1
a: Renounce Religion


You were on level 6 of the Dungeon.
You worshipped Okawaru.
Okawaru was noncommittal.
You visited 2 branches of the dungeon, and saw 7 of its levels.

You collected 274 gold pieces.
You spent 120 gold pieces at shops.


Innate Abilities, Weirdness & Mutations

You are immune to sickness and miasma.
Your stone body is resilient. (AC +5)
You are immune to poison.
You resist negative energy. (rN+)
You are resistant to electric shocks. (rElec)
You are resistant to unholy torment.
You are immune to petrification.
You have a pair of small antennae on your head.
You are clumsy. (Dex -2)
Your body sometimes deteriorates upon taking damage.
You are weak. (Str -2)


   Skills:
 - Level 5.0 Fighting
 - Level 7.3 Axes
 - Level 3.2 Armour
 - Level 1.0 Dodging
 + Level 5.6 Shields


You had 7 spell levels left.
You didn't know any spells.
Your spell library was empty.

Inventory:

Hand Weapons
 o - a +0 flail of protection
 Y - a +2 war axe (weapon)
Armour
 b - a +0 scale mail (worn)
 e - a +0 pair of gloves (worn)
 p - a +0 tower shield (worn)
Jewellery
 h - an amulet of regeneration (around neck)
 l - a +6 ring of strength (left hand)
Scrolls
 i - 2 scrolls of teleportation
 j - a scroll of identify
Potions
 a - a potion of attraction
 c - a potion of mutation
 d - 2 potions of might
 f - 4 potions of enlightenment
 k - a potion of magic
 n - a potion of curing
 q - a potion of cancellation

Dungeon Overview and Level Annotations

Branches:
Dungeon (6/15)             Temple (1/1) D:5

Altars:
Ashenzari
Dithmenos
Elyvilon
Fedhas
Gozag
Kikubaaqudgha
Makhleb
Nemelex Xobeh
Okawaru
Ru
Sif Muna
Trog
Uskayaw
Vehumet
Xom
Yredelemnul
Zin
The Shining One

Shops:
D:4 =   D:5 *(

Annotations:
D:3 exclusion: 2 orc wizards


Message History

Enter note:
Enter note:
Enter note:
Enter note:
Enter note:
Enter note:
Enter note:
Enter note: The two-headed ogre shouts in stereo!
You hit the two-headed ogre.
The two-headed ogre is lightly wounded.
You block the two-headed ogre's attack.
The two-headed ogre hits you but does no damage.
You slash the two-headed ogre!
The two-headed ogre is lightly wounded.
The two-headed ogre hits you with a +0 giant club!!
Ouch! That really hurt!
The two-headed ogre barely misses you.
You slash the two-headed ogre!
The two-headed ogre is heavily wounded.
You block the two-headed ogre's attack. x2
You hit the two-headed ogre but do no damage.
The two-headed ogre is heavily wounded.
The two-headed ogre hits you with a +0 giant club!
Your body deteriorates!
You feel weakened. You block the two-headed ogre's attack.
4774 ||| READING 3 scrolls of teleportation.
As you read the scroll of teleportation, it crumbles to dust.
You feel strangely unstable. The two-headed ogre closely misses you.
You block the two-headed ogre's attack.
You slash the two-headed ogre!
The two-headed ogre is heavily wounded.
The two-headed ogre hits you with a +0 giant club.
Your body deteriorates!
You feel weakened. The two-headed ogre barely misses you.
You barely miss the two-headed ogre.
The two-headed ogre is heavily wounded.
The two-headed ogre hits you with a +0 giant club!!
Ouch! That really hurt!
You die...

...#.#.##...#...#.# ##.#..#.
.#...#.##.....##..# ###.#....
.###..............# #........
.......###.#.###..# #........
.........#...###..# ............
.....#.#.#........##.............
.....#.#.##.####............#....
.....#.# ...####O########.#.#..#.
.....### ##>....@................
.....###########.########.#......
.................................
.....####.######.##########.#....
.....# #.# #.....#####.......
.....# #.# #.##.........#.###
.....# #.# #.###.######.#....
.....####.######.###.######.#####
............................#


You could see a two-headed ogre.

Vanquished Creatures
  Sigmund (D:2)
  A black bear (D:5)
  2 sky beasts (D:6)
  An ogre (D:5)
  3 scorpions (D:5)
  2 hounds
  3 orc priests
  A jelly (D:6)
  A sleepcap (D:6)
  An iguana (D:5)
  3 orc wizards (D:4)
  3 adders
  A white imp (D:5)
  2 ufetubi (D:5)
  5 worms
  8 orcs
  2 ball pythons
  7 bats
  10 endoplasms
  2 giant cockroaches
  2 goblins
  9 hobgoblins
  2 jackals (D:1)
  5 kobolds
  7 quokkas
  4 frilled lizards
  8 rats
96 creatures vanquished.

Notes
Turn   | Place    | Note
-------+----------+-------------------------------------------
     0 | D:1      | qw the Gargoyle Fighter began the quest for the Orb.
     0 | D:1      | Reached XP level 1. HP: 14/14 MP: 1/1
     0 | D:1      | 0 ||| qw: Version: 0.3-a-9-g12657ce
     0 | D:1      | 0 ||| qw: Game counter: 1406
     0 | D:1      | 0 ||| qw: Always use a shield: true
     0 | D:1      | 0 ||| qw: God list: Okawaru
     0 | D:1      | 0 ||| qw: Allow faded altars: false
     0 | D:1      | 0 ||| qw: Do Orc after D:15 true
     0 | D:1      | 0 ||| qw: Do second Lair branch before Depths: true
     0 | D:1      | 0 ||| qw: Lair rune preference: random
     0 | D:1      | 0 ||| qw: Plans: Normal, Zot:1-4, Slime:5, God:TSO, Crypt,
                  | Tomb, Abyss, Pan, Hells, Win
     0 | D:1      | 0 ||| PLANNING D:1-11
    69 | D:1      | Reached skill level 2 in Axes
    74 | D:1      | HP: 3/14 [jackal (1)]
   151 | D:1      | Reached XP level 2. HP: 19/19 MP: 2/2
   181 | D:1      | 181 ||| Stepping ~*~*~tactically~*~*~ (hiding).
   182 | D:1      | 182 ||| Stepping ~*~*~tactically~*~*~ (hiding).
   228 | D:1      | 228 ||| Stepping ~*~*~tactically~*~*~ (stealth).
   278 | D:1      | 278 ||| Stepping ~*~*~tactically~*~*~ (stealth).
   322 | D:1      | Reached skill level 3 in Axes
   397 | D:1      | Reached XP level 3. HP: 23/23 MP: 3/3
   732 | D:1      | 732 ||| UPGRADING to +0 pair of gloves.
   737 | D:1      | 737 ||| UPGRADING to amulet of regeneration.
   742 | D:1      | 742 ||| READING scroll labelled FAM QYRUGGUAFI.
   743 | D:1      | 743 ||| READING scroll labelled VATUAL ZOECZAM.
   744 | D:1      | 744 ||| READING scroll labelled VAZESA TYSIN.
   747 | D:1      | 747 ||| DRINKING 2 silvery potions.
   788 | D:2      | Noticed Sigmund
   802 | D:2      | Killed Sigmund
   803 | D:2      | Reached skill level 5 in Axes
   803 | D:2      | Reached XP level 4. HP: 24/28 MP: 4/4
   803 | D:2      | Reached XP level 5. HP: 27/32 MP: 5/5
   939 | D:2      | Found a basalt altar of Yredelemnul.
  1170 | D:2      | Identified the +5 spear of Vixteh {drain, rElec rF+ SInv}
  1181 | D:2      | Reached XP level 6. HP: 18/38 MP: 6/6
  1467 | D:2      | 1467 ||| READING scroll labelled CIPSYMNIODI.
  1468 | D:2      | 1468 ||| READING 4 scrolls labelled TETOUZ ERAERCH.
  1469 | D:2      | 1469 ||| READING scroll labelled ORIG ZY UPA.
  1470 | D:2      | 1470 ||| DRINKING 2 coppery potions.
  1471 | D:2      | 1471 ||| DROPPING 3 scrolls of revelation.
  1501 | D:3      | 1501 ||| Stepping ~*~*~tactically~*~*~ (hiding).
  1503 | D:3      | 1503 ||| Stepping ~*~*~tactically~*~*~ (hiding).
  1654 | D:3      | Found a shimmering blue altar of Sif Muna.
  1864 | D:3      | Found a bloodstained altar of Trog.
  1901 | D:3      | 1901 ||| Stepping ~*~*~tactically~*~*~ (stealth).
  1935 | D:3      | 1935 ||| READING scroll of enchant weapon.
  1935 | D:3      | 1935 ||| ENCHANTING +1 war axe.
  1985 | D:3      | 1985 ||| Stepping ~*~*~tactically~*~*~ (stealth).
  1987 | D:3      | 1987 ||| Stepping ~*~*~tactically~*~*~ (stealth).
  1989 | D:3      | 1989 ||| Stepping ~*~*~tactically~*~*~ (stealth).
  2462 | D:4      | Reached skill level 1 in Dodging
  2463 | D:4      | 2463 ||| Stepping ~*~*~tactically~*~*~ (hiding).
  2570 | D:4      | 2570 ||| DROPPING +0 club.
  2603 | D:4      | 2603 ||| Stepping ~*~*~tactically~*~*~ (hiding).
  2604 | D:4      | 2604 ||| Stepping ~*~*~tactically~*~*~ (stealth).
  2805 | D:4      | 2805 ||| Stepping ~*~*~tactically~*~*~ (hiding).
  2819 | D:4      | Reached skill level 6 in Axes
  2890 | D:4      | Found Paestrew's Jewellery Shoppe.
  2896 | D:4      | 2896 ||| SHOPLISTING amulet of faith (560 gold, have 133).
  2896 | D:4      | 2896 ||| SHOPLISTING ring of fire (350 gold, have 133).
  2896 | D:4      | 2896 ||| SHOPLISTING ring of protection from cold (350
                  | gold, have 133).
  2896 | D:4      | 2896 ||| SHOPLISTING ring of resist corrosion (280 gold,
                  | have 133).
  3230 | D:4      | 3230 ||| UPGRADING to +6 ring of strength.
  3231 | D:4      | 3231 ||| READING scroll labelled RUSEUTW PITIMM.
  3232 | D:4      | 3232 ||| READING scroll labelled QUAQON UFAMUV.
  3233 | D:4      | 3233 ||| DRINKING 2 emerald potions.
  3233 | D:4      | Gained mutation: You are occasionally teleported next to
                  | monsters. [potion of mutation]
  3233 | D:4      | Gained mutation: Your mind is acute. (Int +4, Str/Dex -1)
                  | [potion of mutation]
  3233 | D:4      | Gained mutation: You have a pair of small antennae on your
                  | head. [potion of mutation]
  3234 | D:4      | 3234 ||| DRINKING potion of mutation.
  3234 | D:4      | Lost mutation: Your mind is acute. (Int +4, Str/Dex -1)
                  | [potion of mutation]
  3234 | D:4      | Lost mutation: You are occasionally teleported next to
                  | monsters. [potion of mutation]
  3234 | D:4      | Gained mutation: You are clumsy. (Dex -2) [potion of
                  | mutation]
  3234 | D:4      | Gained mutation: You are weak. (Str -2) [potion of
                  | mutation]
  3234 | D:4      | Gained mutation: Your body sometimes deteriorates upon
                  | taking damage. [potion of mutation]
  3235 | D:4      | 3235 ||| DRINKING 2 fuming coppery potions.
  3236 | D:4      | 3236 ||| DRINKING 2 dark potions.
  3237 | D:4      | 3237 ||| READING 2 scrolls of identify.
  3237 | D:4      | 3237 ||| IDENTIFYING glowing inky potion
  3238 | D:4      | 3238 ||| DROPPING potion of degeneration.
  3265 | D:5      | Entered Level 5 of the Dungeon
  3274 | D:5      | HP: 9/38 [white imp/puff of frost (10)]
  3275 | D:5      | 3275 ||| READING 3 scrolls of teleportation.
  3277 | D:5      | 3277 ||| DRINKING potion of heal wounds.
  3314 | D:5      | Found Nuallo's Assorted Antiques.
  3322 | D:5      | 3322 ||| BUYING bubbling orange potion (27 gold).
  3322 | D:5      | Bought a bubbling orange potion for 27 gold pieces
  3322 | D:5      | 3322 ||| SHOPLISTING chain mail (139 gold, have 118).
  3322 | D:5      | 3322 ||| SHOPLISTING potion of mutation (248 gold, have
                  | 118).
  3322 | D:5      | 3322 ||| BUYING scroll labelled NAFOIDU JIOKK (31 gold).
  3322 | D:5      | Bought a scroll labelled NAFOIDU JIOKK for 31 gold pieces
  3322 | D:5      | 3322 ||| BUYING scroll of identify (62 gold).
  3322 | D:5      | Bought a scroll of identify for 62 gold pieces
  3354 | D:5      | Reached XP level 7. HP: 39/43 MP: 7/7
  3446 | D:5      | Reached skill level 7 in Axes
  3477 | D:5      | Found Udowk's Antique Weapon Shoppe.
  3485 | D:5      | 3485 ||| SHOPLISTING bloodstained morningstar (225 gold,
                  | have 67).
  3485 | D:5      | 3485 ||| SHOPLISTING encrusted morningstar (225 gold, have
                  | 67).
  3485 | D:5      | 3485 ||| SHOPLISTING glowing flail (162 gold, have 67).
  3678 | D:5      | 3678 ||| FLEEEEING.
  3679 | D:5      | 3679 ||| FLEEEEING.
  3680 | D:5      | 3680 ||| FLEEEEING.
  3681 | D:5      | 3681 ||| FLEEEEING.
  3682 | D:5      | 3682 ||| FLEEEEING.
  3683 | D:5      | 3683 ||| FLEEEEING.
  3684 | D:5      | 3684 ||| FLEEEEING.
  3685 | D:5      | 3685 ||| FLEEEEING.
  3686 | D:5      | 3686 ||| FLEEEEING.
  3687 | D:5      | 3687 ||| FLEEEEING.
  3688 | D:5      | 3688 ||| FLEEEEING.
  3810 | D:5      | Reached XP level 8. HP: 49/49 MP: 8/8
  3871 | D:5      | Found a staircase to the Ecumenical Temple.
  3872 | D:5      | 3872 ||| PLANNING TEMPLE
  3872 | D:5      | 3872 ||| UPGRADING to +0 tower shield.
  3882 | D:5      | 3882 ||| DROPPING +0 buckler.
  3883 | D:5      | 3883 ||| READING scroll labelled NAFOIDU JIOKK.
  3884 | D:5      | 3884 ||| READING 3 scrolls of identify.
  3884 | D:5      | 3884 ||| IDENTIFYING bubbling orange potion
  3885 | D:5      | 3885 ||| READING 2 scrolls of identify.
  3885 | D:5      | 3885 ||| IDENTIFYING yellow potion
  3896 | Temple   | Entered the Ecumenical Temple
  4023 | Temple   | 4023 ||| PLANNING OKAWARU WORSHIP
  4102 | Temple   | Became a worshipper of Warmaster Okawaru
  4103 | Temple   | 4103 ||| PLANNING D:1-11
  4763 | D:6      | Noticed a two-headed ogre
  4773 | D:6      | HP: 10/49 [two-headed ogre/+0 giant club (17)]
  4774 | D:6      | 4774 ||| READING 3 scrolls of teleportation.
  4776 | D:6      | Demolished by a two-headed ogre

Levels and vault maps discovered:
D:1:      kennysheep_arrival_seaside, layout_basic, minmay_misc_feat_nine_boxes,
          st_stairs_13, hex_large
D:2:      layout_loops_ring, basic_altar, minmay_misc_feat_four_crosses,
          uniq_sigmund
D:3:      layout_basic, led_sif_book, trog_three_pillars_becter
D:4:      layout_loops_ring, serial_shops, shop, minmay_misc_feat_enclosed,
          hangedman_abyss_or_decor_lesser_grid, ldierk_geyser,
          chequers_serial_rivers_micro_d
D:5:      layout_basic, minmay_temple_entry_glassed_door, serial_shops, shop,
          shop
D:6:      layout_basic
Temple:   eino_temple_rhombus

Skill      XL: |  1  2  3  4  5  6  7  8 |
---------------+-------------------------+-----
Axes           | 2 3 5 6 7 |  7.3
Fighting       | 4 5 |  5.0
Dodging        | 1 |  1.0
Shields        | 5 |  5.6
Armour         | |  3.2

Action                     |  1- 3 |  4- 6 |  7- 9 || total
---------------------------+-------+-------+-------++-------
  Melee: War axe           |    78 |   124 |    80 ||   282
  Throw: Boomerang         |       |    24 |    10 ||    34
    Use: Scroll            |     3 |     8 |     4 ||    15
         Potion            |     1 |     6 |       ||     7
 Armour: Scale mail        |    46 |    52 |    39 ||   137
  Dodge: Dodged            |    46 |    51 |    28 ||   125
  Block: Buckler           |    14 |    31 |     7 ||    52
         Tower shield      |       |       |    23 ||    23

Table legend:
 A = Non-vault XP
 B = Vault XP
 C = Vault XP percentage of total XP
 D = Non-vault monster count
 E = Vault monster count
 F = Vault count percentage of total count
                 A         B        C        D         E       F
            +---------+---------+-------+---------+---------+-------
      Total |    1387 |     243 |  14.9 |      93 |       3 |   3.1
            +---------+---------+-------+---------+---------+-------
        D:1 |      42 |       4 |   8.7 |      25 |       2 |   7.4
        D:2 |      46 |     239 |  83.9 |      17 |       1 |   5.6
        D:3 |      32 |       0 |   0.0 |      12 |       0 |   0.0
        D:4 |     217 |       0 |   0.0 |      15 |       0 |   0.0
        D:5 |     710 |       0 |   0.0 |      19 |       0 |   0.0
        D:6 |     340 |       0 |   0.0 |       5 |       0 |   0.0
            +---------+---------+-------+---------+---------+-------
